 Dungeon Crawl Stone Soup version 0.18.1-50-g88ac8fd (webtiles) character file.

7 Goblin1989 the Firebug (level 1, 0/13 HPs)
             Began as a Demonspawn Fire Elementalist on Sept 18, 2017.
             Slain by a kobold
             ... wielding a +0 club
              (6 damage)
             ... on level 1 of the Dungeon.
             The game lasted 00:00:55 (288 turns).

Goblin1989 the Firebug (DsFE)                        Turns: 288, Time: 00:00:56

Health: 0/13       AC:  2    Str:  8    XL:     1   Next: 91%
Magic:  2/3        EV: 12    Int: 16    God:
Gold:   26         SH:  0    Dex: 13    Spells: 1 memorised, 3 levels left

rFire  . . .     SeeInvis .     k - +0 club
rCold  . . .     Gourm    .     a - +0 robe
rNeg   . . .     Faith    .     (no shield)
rPois  .         Spirit   .     (no helmet)
rElec  .         Dismiss  .     (no cloak)
rCorr  .         Reflect  .     (no gloves)
SustAt .         Harm     .     (no boots)
MR     .....                    (no amulet)
Stlth  ++........               (no ring)
                                (no ring)

@: not resistant to hostile enchantments, unstealthy
A: no striking features
a: no special abilities


You were on level 1 of the Dungeon.
You were not hungry.

You visited 1 branch of the dungeon, and saw 1 of its levels.

You collected 26 gold pieces.

Inventory:

Hand Weapons
 k - a +0 club (weapon)
Armour
 a - a +0 robe (worn)
Scrolls
 h - 2 scrolls of teleportation {unknown}
 j - a scroll of amnesia {unknown}
Potions
 i - a potion of berserk rage {unknown}
Books
 b - a book of Flames

   Spells                             Type                      Level
   a - Flame Tongue                   Conjuration/Fire             1
   b - Throw Flame                    Conjuration/Fire             2
   c - Conjure Flame                  Conjuration/Fire             3
   d - Inner Flame                    Hexes/Fire                   3
   e - Sticky Flame                   Conjuration/Fire             4
   f - Fireball                       Conjuration/Fire             5
Comestibles
 e - a bread ration {@e1}
 f - 2 fruits


   Skills:
 - Level 1.7 Dodging
 - Level 1.7 Stealth
 + Level 2.1 Spellcasting
 * Level 1.3 Conjurations
 * Level 2.9 Fire Magic


You had 3 spell levels left.
You knew the following spells:

 Your Spells              Type           Power        Failure   Level  Hunger
a - Flame Tongue          Conj/Fire      #....        10%         1    #......


Dungeon Overview and Level Annotations

Branches:
Dungeon (1/15)

Altars:


Message History

i - a metallic inky potion MP restored: 3 A giant newt comes into view.
Casting: Flame Tongue
Confirm with . or Enter, or press ? or * to list all spells.
Aiming: Flame Tongue
Press: ? - help, Shift-Dir - straight line, f - giant newt
Aim: a giant newt The flame tongue hits the giant newt.
You kill the giant newt!
You now have 2/3 mp.
Casting: Flame Tongue
Confirm with . or Enter, or press ? or * to list all spells.
You can't see any susceptible monsters within range! (Use Z to cast anyway.)
Casting: Flame Tongue
Confirm with . or Enter, or press ? or * to list all spells.
You can't see any susceptible monsters within range! (Use Z to cast anyway.)
j - a scroll labeled PUXIF GUUTIESA MP restored: 3 Some of the chunks of flesh in your inventory have rotted away.
You now have 26 gold pieces (gained 15).
k - a club Wield which item (- for none, * to show all)? (? for menu, Esc to quit)
k - a +0 club (weapon)
All of the chunks of flesh in your inventory have rotted away.
A goblin comes into view. It is wielding a club.
A kobold comes into view. It is wielding a club.
A bat comes into view.
The kobold shouts!
Casting: Flame Tongue
Confirm with . or Enter, or press ? or * to list all spells.
Aiming: Flame Tongue
Press: ? - help, Shift-Dir - straight line, f - goblin
Aim: a goblin, wielding a club The flame tongue hits the goblin.
The goblin is moderately wounded.
The goblin hits you with a club.
You take 2 damage, and have 11/13 hp.
You now have 2/3 mp.
Casting: Flame Tongue
Confirm with . or Enter, or press ? or * to list all spells.
Aiming: Flame Tongue
Press: ? - help, Shift-Dir - straight line, f/p - goblin
Aim: a goblin, wielding a club (moderately wounded)
The flame tongue hits the goblin.
You kill the goblin!
The bat barely misses you.
You now have 1/3 mp.
Casting: Flame Tongue
Confirm with . or Enter, or press ? or * to list all spells.
Aiming: Flame Tongue
Press: ? - help, Shift-Dir - straight line, f - kobold
Aim: a kobold, wielding a club The flame tongue misses the kobold.
The kobold closely misses you. The bat barely misses you.
You now have 0/3 mp.
Casting: Flame Tongue
Confirm with . or Enter, or press ? or * to list all spells.
You don't have enough magic to cast that spell.
Casting: Flame Tongue
Confirm with . or Enter, or press ? or * to list all spells.
You don't have enough magic to cast that spell.
Casting: Flame Tongue
Confirm with . or Enter, or press ? or * to list all spells.
You don't have enough magic to cast that spell.
You barely miss the kobold. The bat hits you but does no damage.
The kobold barely misses you.
You hit the kobold but do no damage. The kobold hits you with a club.
The bat hits you.
You take 3 damage, and have 8/13 hp.
MASSIVE DAMAGE!!
You hit the kobold.
The kobold is moderately wounded.
The bat barely misses you. The bat closely misses you.
The kobold closely misses you. The kobold misses you.
You closely miss the kobold.
The kobold is moderately wounded.
The bat barely misses you. The kobold hits you but does no damage.
You miss the kobold.
The kobold is moderately wounded.
The bat barely misses you. The kobold hits you but does no damage.
The bat barely misses you. The bat hits you.
You take 1 damage, and have 8/13 hp.
The bat closely misses you. The bat hits you but does no damage.
The bat closely misses you. The bat hits you but does no damage. x2
The bat barely misses you. The bat hits you but does no damage.
The bat hits you but does no damage. x2
The bat misses you. The bat hits you but does no damage.
The bat hits you but does no damage. The bat hits you.
You take 1 damage, and have 7/13 hp.
The bat hits you but does no damage. The bat hits you.
You take 1 damage, and have 6/13 hp.
The bat hits you but does no damage.
You hit the bat but do no damage. The bat hits you but does no damage.
The kobold hits you with a club.
You die... █........██......... █........██......... █........██........† █................... █████..█.███........ ████

██.█.███...█████ █...
█.█.......█ █ ...█
██████.█.......█ █ ...█
█.K@..........██ █
...████▲█▲████............██
...██.............b...███.█
)...................█.█ █.█
..█...................█ █.█
..▲...........███......██.█
..█...........█ █......██.█
███....████████ █......█
█....█ ........


You could see a bat and a kobold.

Vanquished Creatures
  2 goblins (D:1)
  2 jackals (D:1)
  A giant newt (D:1)
  2 rats (D:1)
7 creatures vanquished.

Notes
Turn   | Place    | Note
--------------------------------------------------------------
     0 | D:1      | Goblin1989 the Demonspawn Fire Elementalist began the quest for the Orb.
     0 | D:1      | Reached XP level 1. HP: 13/13 MP: 3/3
   288 | D:1      | Slain by a kobold

Action                   || total
-------------------------++-------
Melee: Unarmed           ||    18
       Club              ||     6
 Cast: Flame Tongue      ||    11
Armor: Robe              ||    15
Dodge: Dodged            ||    35

Vault maps used:
D:1:      dpeg_arrival_orchard
